 Dungeon Crawl Stone Soup version 0.28-a0-305-g9e858e973b (webtiles) character file.

Game seed: 7870361621650501698

609 bearlyready the Chopper (level 7, 0/60 HPs)
             Began as a Gnoll Cinder Acolyte on Aug 30, 2021.
             Was a High Priest of Ignis.
             Succumbed to an orc's poison
             ... on level 4 of the Dungeon.
             The game lasted 00:09:48 (5439 turns).

bearlyready the Chopper (Gnoll Cinder Acolyte)      Turns: 5439, Time: 00:09:49

Health: 0/60       AC:  8    Str: 13 (16) XL:     7   Next: 43%
Magic:  12/12      EV: 10    Int: 11 (13) God:    Ignis [*****.]
Gold:   239        SH:  0    Dex:  6 (7)  Spells: 12/13 levels left

rFire   + . .      SeeInvis .   a - -1 hand axe (flame)
rCold   . . .      Faith    .   (no shield)
rNeg    . . .      Spirit   .   u - +3 ring mail
rPois   .          Reflect  .   (no helmet)
rElec   .          Harm     .   (no cloak)
rCorr   .          Rampage  .   (no gloves)
Will    .....                   (no boots)
Stlth   +.........              (no amulet)
HPRegen 0.20/turn               (no ring)
MPRegen 0.13/turn               (no ring)

@: brilliant, lethally poisoned (0 -> -2), on berserk cooldown, slowed, very
slow
A: fangs 1, strong nose, distributed training
a: Renounce Religion, Sea of Fire, Foxfire Swarm, Rising Flame


You were on level 4 of the Dungeon.
You worshipped Ignis.
Ignis was extremely pleased with you.
You visited 1 branch of the dungeon, and saw 4 of its levels.

You collected 239 gold pieces.

Inventory:

Hand Weapons
 a - a -1 hand axe of flaming (weapon)
Missiles
 d - 41 sling bullets
 g - 117 stones
 k - 16 arrows
 l - 36 poisoned darts
 q - 19 boomerangs
 s - 8 atropa-tipped darts
 t - 9 bolts
Armour
 b - a +0 robe
 j - a +0 ring mail
 n - a +0 robe of willpower
 u - a +3 ring mail (worn)
Jewellery
 v - a ring of resist corrosion
Scrolls
 f - 2 scrolls of teleportation {unknown}
 h - 2 scrolls of fog {unknown}
 o - 4 scrolls of identify {unknown}
 p - a scroll of holy word {unknown}
 r - a scroll of vulnerability {unknown}
 x - a scroll of noise {unknown}


   Skills:
 + Level 7.0 Fighting
 + Level 2.5 Short Blades
 + Level 2.5 Long Blades
 + Level 7.0 Axes
 + Level 2.5 Maces & Flails
 + Level 2.5 Polearms
 + Level 2.5 Staves
 + Level 2.5 Slings
 + Level 2.5 Bows
 + Level 2.5 Crossbows
 + Level 2.5 Throwing
 + Level 2.5 Armour
 + Level 2.5 Dodging
 + Level 2.5 Stealth
 + Level 2.5 Shields
 + Level 2.5 Unarmed Combat
 + Level 3.8 Spellcasting
 + Level 2.0 Conjurations
 + Level 2.0 Hexes
 + Level 2.0 Summonings
 + Level 2.0 Necromancy
 + Level 2.0 Translocations
 + Level 2.0 Transmutations
 + Level 3.0 Fire Magic
 + Level 2.0 Ice Magic
 + Level 2.0 Air Magic
 + Level 2.0 Earth Magic
 + Level 2.0 Poison Magic
 + Level 2.7 Invocations
 + Level 2.5 Evocations


You had 12 spell levels left.
You knew the following spells:

 Your Spells              Type           Power      Damage    Failure   Level
a - Foxfire               Conj/Fire      44%        2x1d6     19%         1

Your spell library contained the following spells:

 Spells                   Type           Power      Damage    Failure   Level
 Blink                    Tloc           N/A        N/A       32%         2
 Sublimation of Blood     Necr           4%         N/A       32%         2
 Wereblood                Tmut           9%         N/A       32%         2
 Manifold Assault         Tloc           9%         N/A       99%         5
 Storm Form               Tmut/Air       4%         N/A       100%        7
 Summon Hydra             Summ           4%         N/A       100%        7


Dungeon Overview and Level Annotations

Branches:
Dungeon (4/15)
 Temple: D:4-7

Altars:
Ashenzari
Hepliaklqana
Makhleb

Annotations:
D:4 2 transporters


Innate Abilities, Weirdness & Mutations

You have very sharp teeth.
Your uncanny sense of smell can sniff out nearby items.
Your experience applies equally to all skills.


Message History

You feel very sick.
It was a potion of berserk rage.
A red film seems to cover your vision as you go berserk!
You feel yourself moving faster!
You feel mighty!
* * * LOW HITPOINT WARNING * * *
You feel very sick.
The orc hits you with a +1 dagger of venom.
* * * LOW HITPOINT WARNING * * *
You slash the orc! You burn the orc.
You kill the orc!
* * * LOW HITPOINT WARNING * * *
You feel sick.
* * * LOW HITPOINT WARNING * * *
You feel sick.
q - 19 boomerangs (gained 4)
You see here a +1 dagger of venom.
* * * LOW HITPOINT WARNING * * *
You feel sick.
You are too berserk!
You feel a strong urge to attack something.
You feel sick.
You are no longer berserk.
You are exhausted.
You feel yourself slow down.
* * * LOW HITPOINT WARNING * * *
You feel sick.
It was a potion of brilliance.
You feel clever all of a sudden.
* * * LOW HITPOINT WARNING * * *
You feel sick.
As you read the scroll labelled FESORE YXTUXT, it crumbles to dust.
It is a scroll of amnesia.
Really abort (and waste the scroll)?
Okay, then.
* * * LOW HITPOINT WARNING * * *
You feel sick.
Okay, then.
As you read the scroll labelled ECEK JATRIMOI, it crumbles to dust.
You feel a surge of unholy energy.
It was a scroll of torment.
You die...

.##...#.#.# .##..#.##.#
.#####.... .##..### .#
..##..... .....#
#.##<... .##..# ∆
.......
..#..########..... #
#.............##.# ..#
..#..########.##)##....#
###..# #.......)@......#
#..###.####...))...#..
#......# #.##.#####
##.########.##.#
#).........##..
################


There were no monsters in sight!

Vanquished Creatures
  A kobold brigand (D:3)
  2 howler monkeys (D:3)
  A hound (D:4)
  An iguana (D:4)
  2 adders (D:2)
  26 gnolls
  An adder skeleton (D:4)
  2 worms
  A dart slug (D:2)
  27 orcs
  4 endoplasms
  5 giant cockroaches
  4 goblins
  7 hobgoblins
  14 jackals
  3 quokkas
  A ball python (D:1)
  4 bats
  2 frilled lizards
  A giant cockroach zombie (D:3)
  4 kobolds
  4 rats
117 creatures vanquished.

Vanquished Creatures (collateral kills)
  A foxfire (D:3)
1 creature vanquished.

Vanquished Creatures (others)
  243 foxfires
  A fungus (D:3)
  A plant (D:3)
245 creatures vanquished.

Grand Total: 363 creatures vanquished

Notes
Turn   | Place    | Note
-------+----------+-------------------------------------------
     0 | D:1      | bearlyready the Gnoll Cinder Acolyte began the quest for
                  | the Orb.
     0 | D:1      | Reached XP level 1. HP: 23/23 MP: 4/4
   465 | D:1      | Reached XP level 2. HP: 22/29 MP: 5/5
  1347 | D:2      | Reached XP level 3. HP: 29/35 MP: 4/7
  1537 | D:2      | Found a faded altar of an unknown god.
  1638 | D:2      | Reached skill level 1 in Invocations
  2352 | D:2      | Reached skill level 1 in Short Blades
  2352 | D:2      | Reached skill level 1 in Long Blades
  2352 | D:2      | Reached skill level 1 in Maces & Flails
  2352 | D:2      | Reached skill level 1 in Polearms
  2352 | D:2      | Reached skill level 1 in Staves
  2352 | D:2      | Reached skill level 1 in Slings
  2352 | D:2      | Reached skill level 1 in Bows
  2352 | D:2      | Reached skill level 1 in Crossbows
  2352 | D:2      | Reached skill level 1 in Throwing
  2352 | D:2      | Reached skill level 1 in Armour
  2352 | D:2      | Reached skill level 1 in Dodging
  2352 | D:2      | Reached skill level 1 in Stealth
  2352 | D:2      | Reached skill level 1 in Shields
  2352 | D:2      | Reached skill level 1 in Unarmed Combat
  2352 | D:2      | Reached skill level 1 in Evocations
  2352 | D:2      | Reached XP level 4. HP: 41/41 MP: 4/8
  2856 | D:3      | Found a broken altar of Ashenzari.
  3331 | D:3      | Reached skill level 1 in Conjurations
  3331 | D:3      | Reached skill level 1 in Hexes
  3331 | D:3      | Reached skill level 1 in Summonings
  3331 | D:3      | Reached skill level 1 in Necromancy
  3331 | D:3      | Reached skill level 1 in Translocations
  3331 | D:3      | Reached skill level 1 in Transmutations
  3331 | D:3      | Reached skill level 1 in Ice Magic
  3331 | D:3      | Reached skill level 1 in Air Magic
  3331 | D:3      | Reached skill level 1 in Earth Magic
  3331 | D:3      | Reached skill level 1 in Poison Magic
  3461 | D:3      | Reached XP level 5. HP: 47/47 MP: 3/9
  3629 | D:3      | Noticed a kobold brigand
  3638 | D:3      | Killed a kobold brigand
  3639 | D:3      | Reached XP level 6. HP: 49/53 MP: 0/11
  4151 | D:3      | Reached XP level 7. HP: 55/59 MP: 4/12
  5121 | D:4      | Found a hazy altar of Hepliaklqana.
  5136 | D:4      | Found a burning altar of Makhleb.
  5298 | D:4      | Found a transporter.
  5314 | D:4      | Found a transporter.
  5437 | D:4      | HP: 3/60 [poisoned by an orc]
  5438 | D:4      | HP: 1/60 [poisoned by an orc]
  5439 | D:4      | Succumbed to an orc's poison

Illustrated notes

Levels and vault maps discovered:
D:1:      mrwooster_arrival_statue_2, layout_loops_ring
D:2:      layout_basic, chequers_ecumenical_altar_simple, hex_medium,
          minmay_misc_feat_nine_boxes
D:3:      lemuel_castle_with_subvaults [lemuel_castle_interior_original],
          layout_basic, mainiacjoe_overflow_paths, minmay_misc_feat_encased,
          serial_bayou_crossing
D:4:      gammafunk_wand_slinger, layout_loops_ring,
          mainiacjoe_overflow_six_doors_small, makhleb_blood_cavern_becter,
          mainiacjoe_overflow_tiny_flanked, kennysheep_generic_room_12

Skill      XL: |  1  2  3  4  5  6  7 |
---------------+----------------------+-----
Fire Magic     | 2 3 |  3.0
Invocations    | 1 2 |  2.7
Short Blades   | 1 2 |  2.5
Long Blades    | 1 2 |  2.5
Maces & Flails | 1 2 |  2.5
Polearms       | 1 2 |  2.5
Staves         | 1 2 |  2.5
Slings         | 1 2 |  2.5
Bows           | 1 2 |  2.5
Crossbows      | 1 2 |  2.5
Throwing       | 1 2 |  2.5
Armour         | 1 2 |  2.5
Dodging        | 1 2 |  2.5
Stealth        | 1 2 |  2.5
Shields        | 1 2 |  2.5
Unarmed Combat | 1 2 |  2.5
Evocations     | 1 2 |  2.5
Spellcasting   | 3 |  3.8
Conjurations   | 1 2 |  2.0
Hexes          | 1 2 |  2.0
Summonings     | 1 2 |  2.0
Necromancy     | 1 2 |  2.0
Translocations | 1 2 |  2.0
Transmutations | 1 2 |  2.0
Ice Magic      | 1 2 |  2.0
Air Magic      | 1 2 |  2.0
Earth Magic    | 1 2 |  2.0
Poison Magic   | 1 2 |  2.0
Fighting       | 7 |  7.0
Axes           | 7 |  7.0

Action                   |  1- 3 |  4- 6 |  7- 9 || total
-------------------------+-------+-------+-------++-------
Melee: Hand axe          |    61 |   128 |    70 ||   259
       Bite              |     3 |     9 |     5 ||    17
Throw: Dart              |       |     8 |       ||     8
 Cast: Foxfire           |    37 |    62 |    37 ||   136
  Use: Potion            |       |       |     3 ||     3
       Scroll            |       |       |     2 ||     2
 Stab: Sleeping          |       |     1 |       ||     1
Armor: Robe              |     9 |    12 |       ||    21
       Ring mail         |       |    21 |    33 ||    54
Dodge: Dodged            |    39 |    78 |    30 ||   147

Table legend: (Time is in decaauts)
 A = Elapsed time spent in this place.
 B = Non-inter-level travel time spent in this place.
 C = Inter-level travel time spent in this place.
 D = Time resting spent in this place.
 E = Time spent auto-exploring this place.
 F = Levels seen in this place.
 G = Mean time per level.
                   A        B        C        D        E       F      G
               +--------+--------+--------+--------+--------+-----+--------+
         Total |   5458 |   5404 |     54 |    223 |   4270 |   4 | 1364.5 |
       Dungeon |   5458 |   5404 |     54 |    223 |   4270 |   4 | 1364.5 |
               +--------+--------+--------+--------+--------+-----+--------+

Top non-repeatable levels by time:
     D:3: 2043 daAuts
     D:2: 1564 daAuts
     D:1: 1316 daAuts
     D:4: 533 daAuts
